 Dungeon Crawl Stone Soup version 0.19-a0-36-g4a0968a (webtiles) character file.

1514 M4edhros the Martial Artist (level 8, 0/46 HPs)
             Began as an Octopode Necromancer on May 4, 2016.
             Was an Initiate of Cheibriados.
             Slain by an orc warrior
             ... wielding a +0 war axe
              (27 damage)
             ... on level 8 of the Dungeon.
             The game lasted 00:16:57 (2686 turns).

M4edhros the Martial Artist (Octopode Necromancer)  Turns: 2686, Time: 00:16:58

Health: 0/46       AC:  1    Str:  9    XL:     8   Next: 83%
Magic:  6/11       EV: 16    Int: 18    God:    Cheibriados [......]
Gold:   219        SH:  0    Dex: 20    Spells: 3 memorised, 6 levels left

rFire  . . .     SeeInvis .       - Unarmed
rCold  . . .     Gourm    .     (no shield)
rNeg   . . .     Faith    .     (helmet restricted)
rPois  .         Spirit   .     (no amulet)
rElec  .         Dismiss  .     v - ring of Egomania {Dex+5 Stlth+}
rCorr  .         Reflect  .     (no ring)
SustAt .         Harm     .     (no ring)
MR     .....                    (no ring)
Stlth  ++++++....               (no ring)
                                (no ring)
                                (no ring)
                                (no ring)

@: very slightly contaminated, regenerating, hasted, very quick, not resistant
to hostile enchantments, very stealthy
A: almost no armour, amphibious, 8 rings, constrict 8, camouflage 1, gelatinous
body 1
a: Bend Time, Renounce Religion


You were on level 8 of the Dungeon.
You worshipped Cheibriados.
Cheibriados was noncommittal.
You were hungry.

You visited 2 branches of the dungeon, and saw 9 of its levels.

You collected 219 gold pieces.

Inventory:

Magical Staves
 q - an uncursed staff of cold
Jewellery
 v - the ring of Egomania (left tentacle) {Dex+5 Stlth+}
   (You found it on level 7 of the Dungeon)

   [ring of stealth]

   It affects your dexterity (+5).
   It makes you more stealthy.
Wands
 o - a wand of digging (19/24)
 p - a wand of random effects (29/48)
 u - a wand of random effects (13/48)
Scrolls
 c - 2 scrolls of enchant armour
 e - 3 scrolls of amnesia {unknown}
 f - 3 scrolls of remove curse
 g - a scroll of teleportation
 h - a scroll of identify
 n - 2 scrolls of enchant weapon
 r - a scroll of blinking {unknown}
Potions
 d - 2 potions of heal wounds
 j - a potion of ambrosia
 m - 3 potions of curing
 w - a potion of invisibility
Books
 a - a book of Necromancy

   Spells                             Type                      Level
   a - Pain                           Necromancy                   1
   b - Animate Skeleton               Necromancy                   1
   c - Vampiric Draining              Necromancy                   3
   d - Regeneration                   Charms/Necromancy            3
   e - Animate Dead                   Necromancy                   4
   f - Control Undead                 Necromancy                   4
Comestibles
 b - 2 bread rations
 i - 2 slices of pizza
 l - a meat ration


   Skills:
 + Level 0.2 Fighting
 * Level 4.8 Dodging
 + Level 5.0 Stealth
 + Level 9.2 Unarmed Combat
 - Level 2.0 Spellcasting
 - Level 4.0 Necromancy


You had 6 spell levels left.
You knew the following spells:

 Your Spells              Type           Power        Failure   Level  Hunger
a - Pain                  Necr           ###.         3%          1    #......
b - Animate Skeleton      Necr           N/A          3%          1    #......
r - Regeneration          Chrm/Necr      #.........   24%         3    ###....


Dungeon Overview and Level Annotations

Branches:
Dungeon (8/15)             Temple (1/1) D:5
   Lair: D:8-11

Altars:
Ashenzari
Cheibriados
Dithmenos
Gozag
Kikubaaqudgha
Makhleb
Pakellas
Qazlal
Ru
Sif Muna
Trog
Vehumet
Xom
The Shining One

Shops:
D:3 *   D:6 :

Annotations:
D:4 Pikel
D:8 Erica


Innate Abilities, Weirdness & Mutations

You cannot wear most types of armour.
You are amphibious.
You can wear up to eight rings at the same time.
You can use your tentacles to constrict eight enemies at once.
Your skin changes colour to match your surroundings (Stealth).
Your rubbery body absorbs attacks (AC +1).


Message History

The orc warrior misses you.
You swing at nothing.
You tentacle-slap the orc warrior but do no damage.
Your grab misses the orc warrior. You squeeze the orc warrior!
The orc warrior is heavily wounded.
You tentacle-slap the orc warrior. You grab the orc warrior.
You squeeze the orc warrior, but do no damage.
The orc warrior is severely wounded.
You constrict the orc warrior, but do no damage.
The orc warrior misses you.
You tentacle-slap the orc warrior but do no damage.
You squeeze the orc warrior.
The orc warrior is severely wounded.
You constrict the orc warrior, but do no damage.
You tentacle-slap the orc warrior but do no damage.
The orc warrior is severely wounded.
You constrict the orc warrior, but do no damage.
The orc warrior hits you with a war axe!!
Ouch! That really hurt!
You die...

### ... # #.# ..
# #.# . # ##.# #
#..## . #...# .
#o#........ .
#o#.###..#. #@#.#
.. #.#.. ..
##.###. .. #..#
#.# .# #.## #.##.
#.# #.#.. #.#
#.#.# #.# #.#.#
#.####.#.######..


You could see an orc warrior and an orc.

Vanquished Creatures
  Menkaure (D:6)
  An ice beast (D:7)
  A sky beast (D:7)
  An eye of draining (D:6)
  4 ogres
  3 centaurs (D:5)
  A scorpion (D:6)
  A water moccasin skeleton (D:6)
  A crimson imp (D:7)
  A jelly (D:7)
  2 hounds
  4 orc priests
  2 worker ants
  A hound skeleton (D:5)
  A worker ant zombie (D:5)
  2 adders
  3 gnolls (D:6)
  A shadow imp (D:5)
  An ooze (D:2)
  A worm (D:6)
  A dart slug (D:3)
  3 giant geckos
  12 orcs
  2 giant cockroaches
  4 goblins
  4 hobgoblins
  2 jackals
  4 quokkas
  4 bats
  2 giant newts (D:1)
  2 goblin skeletons (D:5)
  3 goblin zombies (D:5)
  A hobgoblin zombie (D:5)
  A jackal skeleton (D:7)
  2 kobolds
  A kobold skeleton (D:5)
  A kobold zombie (D:5)
  An orc zombie (D:5)
  A rat (D:3)
84 creatures vanquished.

Vanquished Creatures (collateral kills)
  A phantom (D:5)
  A hound (D:3)
  3 orcs
  A goblin skeleton (D:5)
  A goblin zombie (D:5)
  2 kobold zombies (D:5)
9 creatures vanquished.

Vanquished Creatures (others)
  An ice beast (D:5)
1 creature vanquished.

Grand Total: 94 creatures vanquished

Notes
Turn   | Place    | Note
--------------------------------------------------------------
     0 | D:1      | M4edhros the Octopode Necromancer began the quest for the Orb.
     0 | D:1      | Reached XP level 1. HP: 11/11 MP: 3/3
    65 | D:1      | Reached skill level 1 in Unarmed Combat
   132 | D:1      | Reached XP level 2. HP: 4/17 MP: 0/5
   140 | D:1      | Learned a level 1 spell: Animate Skeleton
   279 | D:2      | Reached skill level 2 in Unarmed Combat
   334 | D:3      | Reached skill level 3 in Unarmed Combat
   334 | D:3      | Reached XP level 3. HP: 3/21 MP: 3/6
   339 | D:3      | Learned a level 3 spell: Regeneration
   541 | D:3      | Reached XP level 4. HP: 19/27 MP: 3/7
   654 | D:4      | Reached skill level 4 in Unarmed Combat
   690 | D:4      | Reached XP level 5. HP: 10/31 MP: 0/8
   706 | D:4      | Noticed a phantom
   727 | D:4      | Noticed a slave
   727 | D:4      | Noticed a slave
   779 | D:4      | Noticed a slave
   780 | D:4      | Noticed a slave
   937 | D:3      | Found an opulent altar of Gozag.
   947 | D:3      | Found Gozag's Platinum Reserve.
   956 | D:3      | Reached skill level 5 in Unarmed Combat
  1008 | D:5      | Entered Level 5 of the Dungeon
  1054 | D:5      | Noticed an ice beast
  1062 | D:5      | Reached XP level 6. HP: 25/36 MP: 6/9
  1122 | D:5      | Killed an ice beast
  1218 | D:5      | Reached skill level 6 in Unarmed Combat
  1274 | D:4      | Noticed Pikel
  1312 | D:5      | Killed a phantom
  1358 | D:6      | Reached XP level 7. HP: 31/41 MP: 2/10
  1369 | D:6      | Found Jueleo's Book Shoppe.
  1381 | D:6      | Reached skill level 7 in Unarmed Combat
  1736 | D:7      | Reached skill level 8 in Unarmed Combat
  1766 | D:7      | Reached XP level 8. HP: 37/46 MP: 11/11
  1858 | D:7      | Got a translucent jade ring
  1864 | D:7      | Identified the ring of Egomania {Dex+5 Stlth+} (You found it on level 7 of the Dungeon)
  2069 | D:6      | Noticed Menkaure
  2077 | D:6      | Killed Menkaure
  2207 | D:5      | Found a glowing golden altar of the Shining One.
  2225 | D:5      | Reached skill level 9 in Unarmed Combat
  2304 | D:5      | Found a staircase to the Ecumenical Temple.
  2313 | Temple   | Entered the Ecumenical Temple
  2325 | Temple   | Became a worshipper of Cheibriados the Contemplative
  2565 | D:7      | Reached skill level 5 in Stealth
  2622 | D:8      | Noticed Erica
  2686 | D:8      | Slain by an orc warrior

Vault maps used:
D:1:      dpeg_arrival_rooms_a, bh_walls_and_bars
D:3:      nicolae_gozag_zags_fifth_avenue, first_bread
D:4:      grunt_decor_mini_mirrors, minmay_misc_feat_square, uniq_pikel
D:5:      nicolae_tso_besieged_by_evil, lemuel_temple_firewalk,
          lemuel_old_faithful
D:6:      serial_shops, shop, uniq_menkaure
D:8:      lair_0_dummy, uniq_erica
Temple:   grunt_circular_temple_18

Skill      XL: |  1  2  3  4  5  6  7  8 |
---------------+-------------------------+-----
Unarmed Combat | 1 3 4 5 6 8 9 |  9.2
Stealth        | 5 |  5.0
Dodging        | 4 |  4.8
Fighting       | |  0.2
Spellcasting   | |  2.0
Necromancy     | |  4.0

Action                   |  1- 3 |  4- 6 |  7- 9 || total
-------------------------+-------+-------+-------++-------
Melee: Unarmed           |    29 |    85 |   132 ||   246
       Tentacles         |     8 |    20 |    25 ||    53
       Constrict         |     7 |    15 |    22 ||    44
       Punch             |       |     1 |     7 ||     8
 Cast: Pain              |    20 |       |       ||    20
       Animate Skeleton  |     8 |     8 |     7 ||    23
       Regeneration      |     3 |    14 |    20 ||    37
  Use: Potion            |     1 |     2 |     5 ||     8
       Scroll            |       |       |     4 ||     4
 Stab: Invisible         |       |     1 |       ||     1
       Sleeping          |       |     6 |     4 ||    10
       Distracted        |       |       |     1 ||     1
  Eat: Chunk             |       |     5 |     8 ||    13
Armor: Skin              |     2 |     4 |     9 ||    15
Dodge: Dodged            |    18 |    30 |    65 ||   113
